 Dungeon Crawl Stone Soup version 0.17-a0-2064-g265a032 (webtiles) character file.

128 Gruud the Insei (level 4, 0/32 HPs)
             Began as a Demonspawn Transmuter on Oct 12, 2015.
             Slain by an adder (4 damage)
             ... on level 3 of the Dungeon.
             The game lasted 00:10:17 (2348 turns).

Gruud the Insei (Demonspawn Transmuter)             Turns: 2348, Time: 00:10:18

Health: 0/32       AC: 10    Str: 11    XL:     4   Next: 86%
Magic:  7/7        EV: 10    Int: 14    God:
Gold:   156        SH:  0    Dex: 14    Spells: 2 memorised, 4 levels left

rFire  . . .     SeeInvis .       - Unarmed
rCold  . . .     Clarity  .     u - +4 ring mail
rNeg   . . .     SustAt   .     (no shield)
rPois  .         Gourm    .     j - +0 helmet (curse)
rElec  .         Spirit   .     (no cloak)
rCorr  .         Warding  .     (no gloves)
rMut   .         Stasis   .     (no boots)
MR     .....                    (no amulet)
Stlth  +.........               (no ring)
                                (no ring)

@: drained, not resistant to hostile enchantments, very unstealthy
A: claws 1
a: no special abilities


You were on level 3 of the Dungeon.
You were not hungry.

You visited 1 branch of the dungeon, and saw 4 of its levels.

You collected 156 gold pieces.

Inventory:

Missiles
 a - 30 arrows
 i - 117 stones (quivered)
 p - 14 arrows of flame
Armour
 b - a +0 robe
 j - a cursed +0 helmet (worn)
 u - a +4 ring mail (worn)
 w - a +0 helmet
Jewellery
 h - an uncursed ring of ice {unknown}
Wands
 t - a wand of slowing (26)
Potions
 e - a potion of curing
 f - a potion of lignification {unknown}
 l - a potion of ambrosia {unknown}
 r - a potion of heal wounds {unknown}
Books
 c - a book of Changes

   Spells                             Type                      Level
   a - Beastly Appendage              Transmutation                1
   b - Sticks to Snakes               Transmutation                2
   c - Spider Form                    Transmutation/Poison         3
   d - Ice Form                       Ice/Transmutation            4
   e - Blade Hands                    Transmutation                5
Comestibles
 d - 2 bread rations
 g - 8 chunks of flesh
 m - 4 fruits
 n - a beef jerky
 s - 2 meat rations


   Skills:
 - Level 1.0(0.0) Fighting
 + Level 2.8(1.7) Dodging
 * Level 4.3(3.2) Unarmed Combat
 - Level 2.0(0.9) Spellcasting
 - Level 2.2(1.1) Transmutations


You had 4 spell levels left.
You knew the following spells:

 Your Spells              Type           Power        Failure   Level  Hunger
a - Beastly Appendage     Trmt           #.....       47%         1    ##.....
b - Sticks to Snakes      Trmt           #.........   73%         2    ###....


Dungeon Overview and Level Annotations

Branches:
Dungeon (4/15)
 Temple: D:4-7

Altars:
Yredelemnul

Annotations:
D:4 SlimeFever's ghost, amateur HOWn


Innate Abilities, Weirdness & Mutations

You have sharp fingernails.


Message History

You barely miss the adder. The adder bites you but does no damage.
You barely miss the adder. The adder bites you.
* * * LOW HITPOINT WARNING * * *
You scratch the adder but do no damage. The adder closely misses you.
You scratch the adder but do no damage. The adder closely misses you.
You scratch the adder.
The adder is moderately wounded.
The adder bites you but does no damage. x2
Some of the chunks of flesh in your inventory have rotted away.
You closely miss the adder.
The adder is moderately wounded.
The adder bites you.
* * * LOW HITPOINT WARNING * * *
You miss the adder.
The adder is moderately wounded.
The adder bites you but does no damage.
You claw the adder!
The adder is almost dead.
The adder bites you.
You die...

..##<...# ##.# #.##...#######
#.....(.# ##..#####..>.#.#
..##....# #.....##.....#.####
........####.###.##.###.#.#..##
####.............##.# #.......#
# #.#.#########..#.# #..#....#
# #.#.### #....# #..#....# #
##.#...## #....# #..##..##
###..###..######@##.# ##.##.##
#...## ##....##.S##.# ##.##.#
#....## ####.##..##.###.(##.#
#.....#####.....†##..##..##.#
.......#...)..##.###.##...#.#
.......#.#..).##.###......#.#
..............##(.####.####.#
.......###....###..# #.# #.#
.......# #....# ##.###.# #.#


You could see an adder.

Vanquished Creatures
  A worker ant (D:4)
  4 adders (D:2)
  An ooze (D:1)
  4 worms (D:3)
  A giant gecko (D:1)
  6 orcs (D:3)
  A giant cockroach (D:2)
  2 gnoll zombies (D:3)
  8 goblins
  6 hobgoblins
  3 ball pythons
  3 bats
  A giant newt (D:2)
  4 kobolds
  6 rats
51 creatures vanquished.

Vanquished Creatures (collateral kills)
  A worm (D:2)
1 creature vanquished.

Grand Total: 52 creatures vanquished

Notes
Turn   | Place    | Note
--------------------------------------------------------------
     0 | D:1      | Gruud the Demonspawn Transmuter began the quest for the Orb.
     0 | D:1      | Reached XP level 1. HP: 15/15 MP: 3/3
   246 | D:1      | Gained mutation: You have sharp fingernails. [demonic ancestry]
   246 | D:1      | Reached XP level 2. HP: 5/21 MP: 3/5
   481 | D:1      | Learned a level 2 spell: Sticks to Snakes
   498 | D:1      | Reached skill level 3 in Unarmed Combat
   813 | D:2      | Reached XP level 3. HP: 12/26 MP: 4/6
  1678 | D:2      | Reached XP level 4. HP: 32/32 MP: 2/7
  1748 | D:4      | Reached skill level 4 in Unarmed Combat
  1907 | D:3      | Found a basalt altar of Yredelemnul.
  2285 | D:4      | Noticed SlimeFever's ghost (amateur HOWn)
  2348 | D:3      | Slain by an adder

Vault maps used:
D:1:      mrwooster_arrival_arrow, item_on_display_a
D:2:      columned_hall_lemuel, okawaru_altar_gauntlet_db
D:3:      lemuel_zombie_altar_yredelemnul
D:4:      kennysheep_six_static_rooms, kennysheep_mini, minmay_temple_entry_mist

Action                   |  1- 3 |  4- 6 || total
-------------------------+-------+-------++-------
Melee: Unarmed           |   102 |   105 ||   207
Throw: Stone             |       |     2 ||     2
 Cast: Beastly Appendage |    19 |     8 ||    27
       Sticks to Snakes  |     4 |     1 ||     5
  Use: Scroll            |     2 |     5 ||     7
       Potion            |     1 |       ||     1
 Stab: Sleeping          |     1 |       ||     1
  Eat: Chunk             |     3 |     3 ||     6
